 Dungeon Crawl Stone Soup version 0.18-b1-22-ge198996 (webtiles) character file.

66 GreamJoe the Shooter (level 3, -3/29 HPs)
             Began as a Centaur Hunter on May 3, 2016.
             Slain by a worm (10 damage)
             ... on level 2 of the Dungeon.
             The game lasted 00:06:40 (1194 turns).

GreamJoe the Shooter (Centaur Hunter)               Turns: 1194, Time: 00:06:41

Health: -3/29      AC:  4    Str: 20    XL:     3   Next: 96%
Magic:  3/3        EV:  9    Int: 10    God:
Gold:   124        SH:  0    Dex: 10    Spells: 0 memorised, 2 levels left

rFire  . . .     SeeInvis .     a - +1 shortbow
rCold  . . .     Gourm    .     o - +0 leather armour
rNeg   . . .     Faith    .     (shield currently unavailable)
rPois  .         Spirit   .     (no helmet)
rElec  .         Dismiss  .     (no cloak)
rCorr  .         Reflect  .     (no gloves)
SustAt .         Harm     .     (no barding)
MR     .....                    (no amulet)
Stlth  +.........               (no ring)
                                u - +6 ring of strength

@: lethally poisoned (-3 -> -10), very quick, not resistant to hostile
enchantments, very unstealthy
A: hooves 3, deformed body, speed 2, tough skin 3
a: no special abilities


You were on level 2 of the Dungeon.
You were not hungry.

You visited 1 branch of the dungeon, and saw 2 of its levels.

You collected 124 gold pieces.

Inventory:

Hand Weapons
 a - a +1 shortbow (weapon)
 b - a +0 short sword
 g - a +0 short sword
 k - a +0 hunting sling
 p - a +0 halberd
Missiles
 d - 21 arrows (quivered)
 t - 19 bolts
Armour
 c - a +0 leather armour
 m - a +0 robe
 o - a +0 leather armour (worn)
Jewellery
 u - a +6 ring of strength (left hand)
Scrolls
 i - a scroll of recharging {unknown}
 j - 2 scrolls of identify {unknown}
 n - a scroll of random uselessness {unknown}
 r - a scroll of remove curse {unknown}
Potions
 e - a potion of berserk rage {unknown}
 l - a potion of curing {unknown}
 s - a potion of degeneration {unknown}
Comestibles
 f - a bread ration
 h - a beef jerky
 q - a meat ration


   Skills:
 + Level 2.0 Fighting
 + Level 7.0 Bows
 + Level 0.3 Armour
 + Level 1.5 Dodging
 + Level 0.7 Stealth


You had 2 spell levels left.
You didn't know any spells.

Dungeon Overview and Level Annotations

Branches:
Dungeon (2/15)

Altars:
Ru


Innate Abilities, Weirdness & Mutations

You have hooves in place of feet.
Armour fits poorly on your strangely shaped body.
You cover ground very quickly.
You have extremely tough skin (AC +3).


Message History

Aim: a giant gecko You shoot an arrow.
The arrow misses the giant gecko.
You feel sick. The goblin hits you with a club.
The giant gecko barely misses you.
Firing (i - inventory):
d - 23 arrows (quivered)
Press: ? - help, Shift-Dir - straight line, f/p - giant gecko
Aim: a giant gecko You shoot an arrow.
The arrow barely misses the giant gecko.
You feel sick. The giant gecko barely misses you.
The goblin hits you but does no damage.
Firing (i - inventory):
d - 22 arrows (quivered)
Press: ? - help, Shift-Dir - straight line, f/p - giant gecko
Aim: a giant gecko You shoot an arrow.
The arrow closely misses the giant gecko.
* * * LOW HITPOINT WARNING * * *
You feel sick. The giant gecko bites you.
* * * LOW HITPOINT WARNING * * *
The worm bites you!
You die...

# #.+.......#...#.....#
#.#.........#.#.##...
#####.#####.#####(...# #.
....#...###.#........#.#.
..†.((..............>...#
.##.....###...#......#....
.########
######.###.##.#.. ##
###.......#.......
(.)...l@g.####!?.#
.......w.........#
....†.........<
......$........
%..............
........#......
...............
.......(....###


You could see a worm, a giant gecko and a goblin.

Vanquished Creatures
  2 adders (D:2)
  3 gnolls (D:2)
  2 dart slugs
  2 hobgoblins (D:1)
  4 bats
  3 goblins (D:1)
  2 kobolds
  3 rats (D:1)
21 creatures vanquished.

Notes
Turn   | Place    | Note
--------------------------------------------------------------
     0 | D:1      | GreamJoe the Centaur Hunter began the quest for the Orb.
     0 | D:1      | Reached XP level 1. HP: 17/17 MP: 1/1
   691 | D:1      | Reached XP level 2. HP: 24/24 MP: 2/2
   700 | D:1      | Reached skill level 6 in Bows
   933 | D:2      | Reached XP level 3. HP: 24/29 MP: 3/3
  1023 | D:2      | Found a sacrificial altar of Ru.
  1190 | D:2      | Reached skill level 7 in Bows
  1194 | D:2      | Slain by a worm

Skill      XL: |  1  2  3 |
---------------+----------+-----
Bows           | 6 7 |  7.0
Fighting       | |  2.0
Armour         | |  0.3
Dodging        | |  1.5
Stealth        | |  0.7

Action                   || total
-------------------------++-------
 Fire: Shortbow          ||    73
  Eat: Beef jerky        ||     1
Armor: Leather armour    ||    17
Dodge: Dodged            ||    20
